 Dungeon Crawl Stone Soup version 0.21.1-1-g345015f (webtiles) character file.

750 JeffiDaFish the Digger (level 7, -4/37 HPs)
             Began as a Gargoyle Earth Elementalist on Feb 7, 2018.
             Slain by an ogre
             ... wielding a +0 giant club
              (18 damage)
             ... on level 5 of the Dungeon.
             The game lasted 00:13:17 (4417 turns).

JeffiDaFish the Digger (GrEE)                       Turns: 4417, Time: 00:13:18

Health: -4/37      AC: 12    Str:  9 (11) XL:     7   Next: 78%
Magic:  1/15       EV: 12    Int: 17 (18) God:
Gold:   184        SH:  0    Dex:  9 (10) Spells: 8/17 levels left

rFire    + . .     SeeInvis .   a - +1 flail
rCold    . . .     Gourm    +   (no shield)
rNeg     + . .     Faith    .   c - +0 robe
rPois    ∞         Spirit   .   k - +0 helmet
rElec    +         Reflect  .   (no cloak)
rCorr    .         Harm     .   (no gloves)
MR       .....                  h - +0 pair of boots
Stlth    ++........             o - amulet of the gourmand
HPRegen  0.12/turn              m - ring of protection from fire
MPRegen  0.14/turn              b - +4 ring of protection

@: very slightly contaminated
A: negative energy resistance 1, electricity resistance, unbreathing,
petrification resistance, rot immunity, AC +4
a: no special abilities


You were on level 5 of the Dungeon.
You were not hungry.

You visited 1 branch of the dungeon, and saw 5 of its levels.

You collected 184 gold pieces.

Inventory:

Hand Weapons
 a - a +1 flail (weapon)
Armour
 c - a +0 robe (worn)
 h - a +0 pair of boots (worn)
 k - a +0 helmet (worn)
Jewellery
 b - a +4 ring of protection (right hand)
 l - an uncursed ring of resist corrosion
 m - a ring of protection from fire (left hand)
 o - an amulet of the gourmand (around neck)
Scrolls
 g - 4 scrolls of remove curse
 j - 3 scrolls of teleportation
Potions
 n - a potion of ambrosia
Books
 e - a book of Geomancy

   Spells                             Type                      Level
   a - Sandblast                      Earth                        1
   b - Passwall                       Transmutation/Earth          2
   c - Stone Arrow                    Conjuration/Earth            3
   d - Petrify                        Transmutation/Earth          4
   e - Lee's Rapid Deconstruction     Earth                        5
Comestibles
 d - 16 rations


   Skills:
 + Level 0.9 Fighting
 * Level 2.0 Dodging
 - Level 2.2 Stealth
 * Level 5.5 Spellcasting
 + Level 0.7 Conjurations
   Level 0.7 Transmutations
 + Level 7.7 Earth Magic


You had 8 spell levels left.
You knew the following spells:

 Your Spells              Type           Power        Failure   Level  Hunger
a - Sandblast             Erth           ####..       1%          1    None
b - Stone Arrow           Conj/Erth      ###...       7%          3    ##.....
c - Lee's Rapid Deconstr  Erth           ####......   16%         5    ######.


Dungeon Overview and Level Annotations

Branches:
Dungeon (5/15)
 Temple: D:4-7

Altars:
Dithmenos
Elyvilon


Innate Abilities, Weirdness & Mutations

You are resistant to torment.
Your stone body is resilient. (AC +4)
You are immune to poison.
You resist negative energy. (rN+)
You are resistant to electric shocks. (rElec)
You can survive without breathing.
You are immune to petrification.
You are immune to rotting.


Message History

Confirm with . or Enter, or press ? or * to list all spells.
Aiming: Stone Arrow
Press: ? - help, Shift-Dir - straight line, f/p - ogre
Aim: an ogre, wielding a giant club (moderately wounded)
You miscast Stone Arrow.
You are very lightly contaminated with residual magic.
You are showered with tiny particles of grit.
The ogre hits you with a giant club!
Casting: Stone Arrow
Confirm with . or Enter, or press ? or * to list all spells.
Aiming: Stone Arrow
Press: ? - help, Shift-Dir - straight line, f/p - ogre
Aim: an ogre, wielding a giant club (moderately wounded)
The stone arrow hits the ogre.
The ogre is severely wounded.
The ogre hits you with a giant club.
You barely miss the ogre.
The ogre is severely wounded.
The ogre hits you with a giant club!!
You die...

.#.. # . ..$ #. ..###..
#.# ....... # ..#
#......#####.#
#.###.............# #.#
#.#†...####.#.#### #.#
#.###.# #O#.######.###
#.....# #@#.##........
#.########.#.##.##..###
#.# #........[.)...# ##
#.# #.#.#.##..#..#.# ..
#.# #.#.#.##..#..#.#.#..
####.####
#.#...............#
#.......#
#.###.#.#.<.....)##
#.......# #.#
#.....#..####.#
#.......###.######.##..#
.#


You could see an ogre.

Vanquished Creatures
  The ghost of 0nlyMegaZig the Ruffian, an amateur CeTm of Gozag (D:4)
  A sky beast (D:5)
  A centaur (D:3)
  A centaur zombie (D:3)
  A crimson imp (D:5)
  An orc priest (D:4)
  An orc wizard (D:2)
  A centaur skeleton (D:4)
  A hound skeleton (D:4)
  4 gnolls (D:2)
  4 adders
  5 oozes
  A worm (D:3)
  An adder skeleton (D:3)
  A dart slug (D:1)
  A leopard gecko (D:4)
  9 orcs
  2 ball pythons
  4 giant cockroaches
  7 hobgoblins
  7 jackals
  4 kobolds
  3 quokkas (D:4)
  10 bats
  A frilled lizard (D:4)
  2 goblins (D:1)
  14 rats
89 creatures vanquished.

Notes
Turn   | Place    | Note
-------+----------+-------------------------------------------
     0 | D:1      | JeffiDaFish the Gargoyle Earth Elementalist began the quest for the Orb.
     0 | D:1      | Reached XP level 1. HP: 10/10 MP: 3/3
   120 | D:1      | Reached XP level 2. HP: 14/15 MP: 1/5
   140 | D:1      | Reached skill level 4 in Earth Magic
   666 | D:1      | Reached XP level 3. HP: 18/19 MP: 3/6
   958 | D:1      | Learned a level 3 spell: Stone Arrow
  1161 | D:2      | Reached XP level 4. HP: 6/24 MP: 0/8
  1299 | D:2      | Reached skill level 5 in Earth Magic
  1889 | D:2      | Reached XP level 5. HP: 21/28 MP: 1/10
  2089 | D:2      | Learned a level 5 spell: Lee's Rapid Deconstruction
  2285 | D:3      | Found a faded altar of an unknown god.
  2635 | D:3      | Found a white marble altar of Elyvilon.
  2666 | D:3      | Reached skill level 6 in Earth Magic
  2985 | D:3      | Noticed a centaur
  3013 | D:3      | Killed a centaur
  3013 | D:3      | Reached XP level 6. HP: 24/32 MP: 5/12
  3288 | D:4      | Noticed 0nlyMegaZig's ghost (amateur CeTm)
  3450 | D:4      | Killed 0nlyMegaZig's ghost
  3450 | D:4      | Reached skill level 5 in Spellcasting
  3450 | D:4      | Reached skill level 7 in Earth Magic
  3450 | D:4      | Reached XP level 7. HP: 21/36 MP: 0/14
  4003 | D:4      | Found a shadowy altar of Dithmenos.
  4306 | D:5      | Entered Level 5 of the Dungeon
  4417 | D:5      | Slain by an ogre

Skill      XL: |  1  2  3  4  5  6  7 |
---------------+----------------------+-----
Earth Magic    | 4 5 6 7 |  7.7
Spellcasting   | 3 4 5 |  5.5
Dodging        | 2 |  2.0
Fighting       | |  0.9
Stealth        | |  2.2
Conjurations   | |  0.7
Transmutations | |  0.7

Action                   |  1- 3 |  4- 6 |  7- 9 || total
-------------------------+-------+-------+-------++-------
Melee: Unarmed           |    58 |       |       ||    58
       Short sword       |     4 |    28 |       ||    32
       Mace              |       |    29 |       ||    29
       Flail             |       |   101 |    72 ||   173
 Cast: Sandblast         |    30 |     2 |       ||    32
       Stone Arrow       |     2 |    19 |     7 ||    28
       Lee's Rapid Decon |       |       |     2 ||     2
  Use: Scroll            |     4 |     2 |     3 ||     9
       Potion            |     3 |     1 |     2 ||     6
 Stab: Sleeping          |       |     1 |     1 ||     2
  Eat: Chunk             |       |    10 |     2 ||    12
       Ration            |       |       |     1 ||     1
Armor: Robe              |    48 |    99 |    46 ||   193
Dodge: Dodged            |    79 |   117 |    73 ||   269
